 Dungeon Crawl Stone Soup version 0.20-a0-148-gb6cfb21 (webtiles) character file.

167 Kikal the Sneak (level 5, -5/35 HPs)
             Began as a Vampire Enchanter on Nov 21, 2016.
             Slain by an ogre
             ... wielding a +0 giant club
              (31 damage)
             ... on level 4 of the Dungeon.
             The game lasted 00:17:35 (2804 turns).

Kikal the Sneak (Vampire Enchanter)                 Turns: 2804, Time: 00:17:37

Health: -5/35      AC:  4    Str:  7    XL:     5   Next: 23%
Magic:  0/10       EV: 13    Int: 17    God:
Gold:   171        SH:  0    Dex: 16    Spells: 4/10 levels left

rFire  . . .     SeeInvis +     a - +1 dagger
rCold  + . .     Gourm    .     b - +1 robe
rNeg   + + .     Faith    .     (no shield)
rPois  +         Spirit   .     l - +1 hat
rElec  .         Reflect  .     (no cloak)
rCorr  .         Harm     .     (no gloves)
MR     .....                    (no boots)
Stlth  +++++.....               (no amulet)
                                (no ring)
                                (no ring)

@: very slightly contaminated, regenerating slowly
A: fangs 3, see invisible, unbreathing
a: Bat Form


You were on level 4 of the Dungeon.
You were near bloodless.

You visited 1 branch of the dungeon, and saw 4 of its levels.

You collected 171 gold pieces.

Inventory:

Hand Weapons
 a - a +1 dagger (weapon)
Missiles
 f - 89 stones (quivered)
Armour
 b - a +1 robe (worn)
 l - a +1 hat (worn)
 p - a +0 leather armour
Scrolls
 e - a scroll of magic mapping {unknown}
 i - a scroll of identify {unknown}
 j - a scroll of noise {unknown}
 m - a scroll of recharging {unknown}
 n - 2 scrolls of remove curse {unknown}
Potions
 d - 11 potions of blood
 g - 2 potions of cancellation {unknown}
 h - 2 potions of haste {unknown}
 k - a potion of flight {unknown}
 o - a potion of brilliance {unknown}
 q - 2 potions of lignification {unknown}
Books
 c - a book of Maledictions

   Spells                             Type                      Level
   a - Corona                         Hexes                        1
   b - Ensorcelled Hibernation        Hexes/Ice                    2
   c - Confuse                        Hexes                        3
   d - Tukima's Dance                 Hexes                        3
   e - Dazzling Spray                 Conjuration/Hexes            3


   Skills:
 + Level 1.1 Short Blades
 - Level 2.1 Dodging
 + Level 6.8 Stealth
 - Level 3.3 Spellcasting
 + Level 5.6 Hexes


You had 4 spell levels left.
You knew the following spells:

 Your Spells              Type           Power        Failure   Level  Hunger
a - Corona                Hex            ###....      1%          1    None
b - Ensorcelled Hibernat  Hex/Ice        ##....       10%         2    ##.....
c - Confuse               Hex            ###.....     8%          3    ###....


Dungeon Overview and Level Annotations

Branches:
Dungeon (4/15)
 Temple: D:4-7

Altars:

Annotations:
D:3 exclusion: phantom


Innate Abilities, Weirdness & Mutations

You heal slowly.
You have razor-sharp teeth.
You have supernaturally acute eyesight. (SInv)
You can survive without breathing.


Message History

You are very lightly contaminated with residual magic.
You hear an indistinct dissonance whispering inside your mind.
The ogre hits you but does no damage.
You now have 5/10 mp.
Casting: Confuse
Confirm with . or Enter, or press ? or * to list all spells.
Aiming: Confuse
Press: ? - help, Shift-Dir - straight line, f/p - ogre
Aim: an ogre, wielding a giant club (chance to defeat MR: 51%)
The ogre resists with significant effort.
The ogre hits you with a giant club.
You take 6 damage, and have 26/35 hp.
You now have 2/10 mp.
Casting: Confuse
Confirm with . or Enter, or press ? or * to list all spells.
Aiming: Ensorcelled Hibernation
Press: ? - help, Shift-Dir - straight line, f/p - ogre
Aim: an ogre, wielding a giant club (chance to defeat MR: 43%)
The ogre resists with some effort.
The ogre hits you with a giant club!!
Ouch! That really hurt!
You die...

.. .## #....%..# ..####
..## #.......#
#....####>..###........#
##.....................#
...##........###.......#
##.....#####.###.......#
...#.....# #...........#
####.....# #.O## #
#.....#######@.#....
#....................
#.....########.......
####### ##..... .....
.... .... ###


You could see an ogre.

Vanquished Creatures
  An iguana (D:3)
  A hound zombie (D:3)
  A gnoll (D:1)
  3 adders
  An adder skeleton (D:3)
  5 worms
  A dart slug (D:3)
  3 leopard geckos (D:2)
  An orc (D:3)
  6 bats
  2 giant cockroaches
  7 goblins
  A hobgoblin (D:3)
  9 jackals
  4 quokkas
  3 ball pythons
  8 frilled lizards
  2 kobolds (D:1)
  12 rats
71 creatures vanquished.

Notes
Turn   | Place    | Note
-------+----------+-------------------------------------------
     0 | D:1      | Kikal the Vampire Enchanter began the quest for the Orb.
     0 | D:1      | Reached XP level 1. HP: 13/13 MP: 3/3
   195 | D:1      | Reached XP level 2. HP: 18/19 MP: 5/5
   199 | D:1      | Learned a level 2 spell: Ensorcelled Hibernation
   270 | D:1      | Reached skill level 5 in Stealth
   629 | D:1      | Reached skill level 5 in Hexes
  1276 | D:2      | Reached XP level 3. HP: 20/24 MP: 3/6
  1361 | D:1      | Learned a level 3 spell: Confuse
  1743 | D:2      | Reached skill level 6 in Stealth
  2054 | D:3      | Reached XP level 4. HP: 30/30 MP: 8/8
  2665 | D:3      | Noticed a phantom
  2717 | D:3      | Reached XP level 5. HP: 23/35 MP: 7/10
  2797 | D:4      | Noticed an ogre
  2804 | D:4      | Slain by an ogre

Vault maps used:
D:1:      kennysheep_arrival_seaside, serial_bayou_pond_d,
          corexii_leaking_fountain
D:2:      solitary_fountain
D:3:      first_bread
D:4:      kennysheep_mini_moat, okawaru_metal_pillars_3,
          nicolae_overflow_hidden_temple

Skill      XL: |  1  2  3  4 |
---------------+-------------+-----
Stealth        | 5 6 |  6.8
Hexes          | 5 |  5.6
Spellcasting   | 3 |  3.3
Short Blades   | |  1.1
Dodging        | |  2.1

Action                   |  1- 3 |  4- 6 || total
-------------------------+-------+-------++-------
Melee: Dagger            |   103 |    83 ||   186
       Bite              |     3 |     9 ||    12
 Cast: Corona            |     4 |       ||     4
       Ensorcelled Hiber |    14 |     8 ||    22
       Confuse           |     1 |     2 ||     3
 Abil: End Transformatio |     1 |       ||     1
       Bat Form          |     1 |       ||     1
 Stab: Sleeping          |    28 |    14 ||    42
       Distracted        |     1 |       ||     1
  Eat: Corpse            |     3 |       ||     3
Armor: Robe              |    21 |    17 ||    38
Dodge: Dodged            |    65 |    44 ||   109
